 Dungeon Crawl Stone Soup version 0.24.0-123-gd5b16e6ec5 (webtiles) character file.

Game seed: 12815258180714309817, levelgen mode: deterministic

58 Curus the Slasher (level 3, -2/30 HPs)
             Began as a Minotaur Gladiator on Jan 11, 2020.
             Slain by Terence
             ... wielding a +0 falchion
              (3 damage)
             ... on level 2 of the Dungeon.
             The game lasted 00:04:49 (1184 turns).

Curus the Slasher (Minotaur Gladiator)              Turns: 1184, Time: 00:04:50

Health: -2/30      AC:  4    Str: 18    XL:     3   Next: 76%
Magic:  2/2        EV: 12    Int:  6    God:
Gold:   72         SH:  3    Dex: 11    Spells: 2/2 levels left

rFire    . . .     SeeInvis .   a - +0 long sword
rCold    . . .     Gourm    .   k - +0 buckler
rNeg     . . .     Faith    .   b - +0 leather armour
rPois    .         Spirit   .   c - +0 hat
rElec    .         Reflect  .   (no cloak)
rCorr    .         Harm     .   (no gloves)
MR       +....                  i - +0 pair of boots
Stlth    +.........             (no amulet)
HPRegen  0.10/turn              g - ring of protection from magic
MPRegen  0.08/turn              (no ring)

@: no status effects
A: retaliatory headbutt, horns 2
a: no special abilities


You were on level 2 of the Dungeon.
You were not hungry.

You visited 1 branch of the dungeon, and saw 2 of its levels.

You collected 72 gold pieces.

Inventory:

Hand Weapons
 a - a +0 long sword (weapon)
Missiles
 d - a throwing net (quivered)
Armour
 b - a +0 leather armour (worn)
 c - a +0 hat (worn)
 i - a +0 pair of boots (worn)
 k - a +0 buckler (worn)
Jewellery
 g - a ring of protection from magic (left hand)
Scrolls
 e - 4 scrolls of teleportation
 j - 2 scrolls of identify
 l - a scroll of remove curse
Potions
 h - 2 potions of heal wounds
Comestibles
 f - 2 rations


   Skills:
 - Level 2.4 Fighting
 + Level 5.8 Long Blades
 - Level 2.0 Throwing
 - Level 3.2 Dodging


You had 2 spell levels left.
You didn't know any spells.
Your spell library was empty.

Dungeon Overview and Level Annotations

Branches:
Dungeon (2/15)

Altars:

Annotations:
D:2 Terence


Innate Abilities, Weirdness & Mutations

You reflexively headbutt those who attack you in melee.
You have a pair of horns on your head.


Message History

Terence barely misses you.
You barely miss Terence.
Terence is severely wounded.
Terence hits you with a +0 falchion!
* * * LOW HITPOINT WARNING * * *
You hit Terence but do no damage.
Terence is severely wounded.
Terence closely misses you. You furiously retaliate!
You headbutt Terence, but do no damage. You hit Terence but do no damage.
Terence is severely wounded.
Terence misses you. You furiously retaliate!
You headbutt Terence. You hit Terence but do no damage.
Your headbutt misses Terence.
Terence is almost dead.
Terence completely misses you. You furiously retaliate!
You headbutt Terence, but do no damage. You hit Terence but do no damage.
Your headbutt misses Terence.
Terence is almost dead.
Terence hits you with a +0 falchion.
You die...

#.######.#
#......... #+
######.### #.
#.'.# ##.## #
#.### ..(.
....####.'.#
.S#
#####.....†###
#@#
#.....####.'.#
#@###.###.#
#.###
#..(......#
#)'.#
#####.#####
#.###
##.†.####
##.'.#
#.#.....#
#..###
##.#.##.#
#..(..
##.###.#
#.##.# ### #.#
#.##.. ##.#
#.....


You could see Terence and an adder.

Vanquished Creatures
  An ooze (D:1)
  2 worms (D:2)
  2 leopard geckos (D:1)
  5 bats
  4 giant cockroaches
  8 goblins
  6 hobgoblins (D:1)
  A frilled lizard (D:1)
  3 kobolds
  12 rats
44 creatures vanquished.

Notes
Turn   | Place    | Note
-------+----------+-------------------------------------------
     0 | D:1      | Curus the Minotaur Gladiator began the quest for the Orb.
     0 | D:1      | Reached XP level 1. HP: 18/18 MP: 0/0
    37 | D:1      | Reached skill level 4 in Long Blades
   339 | D:1      | Reached XP level 2. HP: 24/25 MP: 1/1
   402 | D:1      | Reached skill level 5 in Long Blades
   588 | D:1      | Reached XP level 3. HP: 29/30 MP: 2/2
  1162 | D:2      | Noticed Terence
  1180 | D:2      | HP: 1/30 [Terence/+0 falchion (7)]
  1184 | D:2      | Slain by Terence

Levels and vault maps discovered:
D:1:      dpeg_arrival_chase, layout_basic, minmay_heptomino_d4
D:2:      layout_loops_corners, lemuel_doored_altar, minitemple,
          makhleb_blood_cavern_becter, grunt_gozag_breadcrumbs, first_ration,
          chequers_serial_rivers_small_b, minmay_rat_gold_closets, uniq_terence

Skill      XL: |  1  2 |
---------------+-------+-----
Long Blades    | 4 5 |  5.8
Fighting       | |  2.4
Throwing       | |  2.0
Dodging        | |  3.2

Action                   || total
-------------------------++-------
Melee: Long sword        ||    98
       Headbutt          ||    18
Throw: Throwing net      ||     2
  Use: Scroll            ||     6
       Potion            ||     1
 Stab: Held in net/web   ||     1
  Eat: Chunk             ||     1
Armor: Leather armour    ||    19
Dodge: Dodged            ||    47
Block: Buckler           ||     2
       Rpst.: Long sword ||     8
